 Dungeon Crawl Stone Soup version 0.25.1-2-g60ff931df9 (webtiles) character file.

Game seed: 1573623277051097938

1216 DogServant the Martial Artist (level 8, -15/48 HPs)
             Began as a Merfolk Transmuter on Oct 18, 2020.
             Killed from afar by a wretched star (28 damage)
             ... with a lance of force
             ... on level 3 of the Abyss.
             The game lasted 00:11:36 (6361 turns).

DogServant the Martial Artist (Merfolk Transmuter)  Turns: 6361, Time: 00:11:38

Health: -15/48     AC:  2    Str: 12      XL:     8   Next: 46%
Magic:  3/11       EV: 25    Int:  8 (9)  God:
Gold:   224        SH:  0    Dex: 25      Spells: 5/11 levels left

rFire    . . .     SeeInvis .     - Unarmed
rCold    . . .     Gourm    .   (shield currently unavailable)
rNeg     . . .     Faith    .   (armour currently unavailable)
rPois    .         Spirit   .   (helmet currently unavailable)
rElec    .         Reflect  .   (cloak currently unavailable)
rCorr    .         Harm     .   (gloves currently unavailable)
MR       .....     Clarity  +   (boots currently unavailable)
Stlth    ++........             (no amulet)
HPRegen  0.00/turn              m - ring of poison resistance
MPRegen  0.12/turn              n - +6 ring of dexterity

@: spider-form (expiring)
A: tiny, (change form in water), (swift swim), (stealthy swim), clarity,
[deterioration 2], [dopey 2], [frail 2], [inhibited regeneration], evolution 1,
[subdued magic 2]
a: End Transformation


You were on level 3 of the Abyss.
You were not hungry.
You were a venomous arachnid creature.
You visited 1 branch of the dungeon, and saw 5 of its levels.
You visited the Abyss 1 time.

You collected 224 gold pieces.

Inventory:

Missiles
 a - 75 arrows
 l - 12 poisoned darts
 t - 5 javelins (quivered)
Armour
 b - a +0 robe (melded)
 g - a +0 cloak (melded)
 p - a +0 pair of boots (melded)
 u - a +2 leather armour of positive energy
Jewellery
 m - a ring of poison resistance (left front leg)
 n - a +6 ring of dexterity (right front leg)
Wands
 w - a wand of paralysis (9)
Scrolls
 i - 2 scrolls of remove curse
 k - a scroll of teleportation {unknown}
 q - 4 scrolls of identify {unknown}
 r - a scroll of random uselessness {unknown}
 v - a scroll of fear {unknown}
Potions
 c - a potion of brilliance
 e - 3 potions of stabbing {unknown}
 f - a potion of might {unknown}
 h - 2 potions of flight
 j - a potion of heal wounds {unknown}
 o - a potion of haste
 s - a potion of magic
Comestibles
 d - 8 rations
 x - 5 chunks of flesh


   Skills:
 - Level 4.2 Fighting
 - Level 4.6 Dodging
 + Level 8.2 Unarmed Combat
 - Level 2.0 Spellcasting
 + Level 6.7 Transmutations
 - Level 2.0 Poison Magic


You had 5 spell levels left.
You knew the following spells:

 Your Spells              Type           Power        Failure   Level  Hunger
a - Beastly Appendage     Tmut           #.....       5%          1    ##.....
b - Sticks to Snakes      Tmut           #.......     7%          2    ###....
c - Spider Form           Tmut/Pois      #.........   30%         3    ####...

Your spell library contained the following spells:

 Spells                   Type           Power        Failure   Level  Hunger
 Blade Hands              Tmut           #.........   65%         5    ######.
 Ice Form                 Ice/Tmut       #.......     77%         4    #####..


Dungeon Overview and Level Annotations

Branches:
Dungeon (5/15)
 Temple: D:4-7

Altars:
Gozag
Sif Muna
Xom
Yredelemnul
The Shining One

Shops:
D:4 *

Annotations:
D:5 Edmund


Innate Abilities, Weirdness & Mutations

((You revert to your normal form in water.))
((You are very nimble and swift while swimming.))
((You are very stealthy in the water. (Stealth+)))
((You are partially covered in thin metallic scales. (AC +2)))
You possess an exceptional clarity of mind.
((You are resistant to electric shocks. (rElec)))
You evolve.
[((Armour fits poorly on your strangely shaped body.))]
[Your body often deteriorates upon taking damage.]
[You are very dopey. (Int -4)]
[You are very frail. (-20% HP)]
[You do not regenerate when monsters are visible.]
[Your spells are easier to cast, but less powerful.]


Message History

The green very ugly thing completely misses you.
The wretched star pulses with an eldritch light!
You feel frail. x2
You hit the meliai.
The meliai looks as sick as possible!
The meliai is heavily wounded.
Your transformation is almost over.
The meliai hits you with a +0 hand axe! The meliai completely misses you.
The green very ugly thing trunk-slaps you!
* * * LOW HITPOINT WARNING * * *
The wretched star pulses with an eldritch light!
Your body twists and deforms.
Your regeneration stops near monsters.
The meliai closely misses you. The meliai barely misses you.
Okay, then.
As you read the scroll labeled DAERPH DYNIE, it crumbles to dust.
You feel as if something is helping you.
It was a scroll of remove curse.
The meliai completely misses you. x2
The wretched star glows turbulently.
The lance of force hits you!!
Ouch! That really hurt!
You die...

.)... .#%...
#.... .....
....#....
.......
..... ... ##
##)## #
#)..#*s.#..%
#..y.u*.#
##.###.##
#.. ..# ...
... ##.#
#.## ## ..
..


You could see a green very ugly thing, 2 wretched stars and a meliai (extremely
poisoned).

Vanquished Creatures
  A meliai (Abyss:3)
  Duvessa (D:5)
  An ogre (D:4)
  Blork the orc (D:5)
  Dowan (D:5)
  A howler monkey (D:4)
  A centaur skeleton (D:4)
  3 orc priests
  2 iguanas
  Terence (D:3)
  2 orc wizards
  3 worker ants
  A hound zombie (D:5)
  Robin (D:2)
  3 gnolls (D:5)
  A howler monkey skeleton (D:5)
  4 adders
  An adder zombie (D:5)
  A worm (D:2)
  4 dart slugs
  6 leopard geckos
  17 orcs
  6 giant cockroaches
  2 gnoll zombies (D:4)
  13 goblins
  6 hobgoblins
  3 quokkas
  4 ball pythons
  6 bats
  8 frilled lizards
  6 kobolds (D:1)
  A leopard gecko skeleton (D:5)
  A quokka zombie (D:3)
  7 rats
120 creatures vanquished.

Vanquished Creatures (collateral kills)
  A centaur (D:5)
  A quasit (D:3)
  Natasha (D:3)
  A frilled lizard (D:5)
4 creatures vanquished.

Grand Total: 124 creatures vanquished

Notes
Turn   | Place    | Note
-------+----------+-------------------------------------------
     0 | D:1      | DogServant the Merfolk Transmuter began the quest for the
                  | Orb.
     0 | D:1      | Reached XP level 1. HP: 15/15 MP: 3/3
   249 | D:1      | Reached XP level 2. HP: 14/21 MP: 3/5
   656 | D:1      | Reached XP level 3. HP: 23/26 MP: 4/6
   662 | D:1      | Reached skill level 4 in Unarmed Combat
  1465 | D:2      | Found a shimmering blue altar of Sif Muna.
  1697 | D:2      | Noticed Robin
  1718 | D:2      | Killed Robin
  1726 | D:2      | Gained mutation: You possess an exceptional clarity of
                  | mind. [potion of mutation]
  1726 | D:2      | Gained mutation: You occasionally shout uncontrollably at
                  | your foes. [potion of mutation]
  1726 | D:2      | Gained mutation: You are partially covered in thin metallic
                  | scales. (AC +2) [potion of mutation]
  1726 | D:2      | Gained mutation: You evolve. [potion of mutation]
  1729 | D:2      | Gained mutation: You are resistant to electric shocks.
                  | (rElec) [evolution]
  2271 | D:2      | Reached XP level 4. HP: 32/32 MP: 5/7
  2427 | D:2      | Found a shimmering altar of Xom.
  2727 | D:3      | Learned a level 2 spell: Sticks to Snakes
  2731 | D:3      | Learned a level 3 spell: Spider Form
  2785 | D:3      | Reached XP level 5. HP: 32/38 MP: 2/8
  2791 | D:3      | Reached skill level 5 in Unarmed Combat
  2992 | D:3      | Noticed Terence
  3009 | D:3      | Killed Terence
  3160 | D:3      | Noticed Natasha
  3166 | D:3      | Killed Natasha
  3243 | D:3      | Noticed a centaur
  3289 | D:3      | Reached XP level 6. HP: 11/47 MP: 7/9
  3811 | D:4      | Found Gozag's Platinum Reserve.
  3815 | D:4      | Found an opulent altar of Gozag.
  4274 | D:4      | Reached skill level 6 in Unarmed Combat
  4292 | D:4      | Reached XP level 7. HP: 48/54 MP: 8/10
  4640 | D:4      | Found a basalt altar of Yredelemnul.
  4942 | D:4      | Lost mutation: You occasionally shout uncontrollably at
                  | your foes. [evolution]
  5119 | D:5      | Entered Level 5 of the Dungeon
  5201 | D:5      | Noticed Blork the orc
  5216 | D:5      | Killed Blork the orc
  5216 | D:5      | Reached skill level 1 in Poison Magic
  5636 | D:4      | Reached skill level 7 in Unarmed Combat
  6093 | D:5      | Found a glowing golden altar of the Shining One.
  6111 | D:5      | Noticed Duvessa
  6111 | D:5      | Noticed Dowan
  6118 | D:5      | Killed Duvessa
  6118 | D:5      | Reached skill level 5 in Transmutations
  6118 | D:5      | Reached XP level 8. HP: 60/60 MP: 5/11
  6124 | D:5      | Killed Dowan
  6333 | D:5      | Noticed Edmund
  6342 | D:5      | Cast into level 2 of the Abyss (Edmund)
  6344 | Abyss:2  | Noticed a sixfirhy
  6349 | Abyss:3  | Noticed a meliai
  6349 | Abyss:3  | Noticed a meliai
  6350 | Abyss:3  | Noticed a wretched star
  6350 | Abyss:3  | Noticed a wretched star
  6350 | Abyss:3  | Noticed a green very ugly thing
  6354 | Abyss:3  | Killed a meliai
  6354 | Abyss:3  | Reached skill level 8 in Unarmed Combat
  6361 | Abyss:3  | Killed from afar by a wretched star

Illustrated notes

Levels and vault maps discovered:
D:1:      dpeg_arrival_prison, layout_loops_ring, minmay_split_cup_small
D:2:      layout_loops_ring, nicolae_overflow_hidden_temple, tgw_xom, uniq_robin
D:3:      layout_loops_ring, first_ration, minmay_misc_feat_encased,
          uniq_natasha, uniq_terence
D:4:      layout_layer_cave, nicolae_gozag_zags_fifth_avenue,
          lemuel_zombie_altar_yredelemnul
D:5:      layout_basic, nicolae_tso_carved_into_rock, uniq_duvessa, uniq_edmund,
          uniq_crazy_yiuf_cottage, uniq_blork_the_orc
Abyss:3:  base: D:2, grunt_abyss_rune_wretched_hive

Skill      XL: |  1  2  3  4  5  6  7  8 |
---------------+-------------------------+-----
Dodging        | 3 4 |  4.6
Unarmed Combat | 4 5 6 7 8 |  8.2
Transmutations | 3 5 6 |  6.7
Fighting       | 3 4 |  4.2
Poison Magic   | 2 |  2.0
Spellcasting   | |  2.0

Action                   |  1- 3 |  4- 6 |  7- 9 || total
-------------------------+-------+-------+-------++-------
Melee: Unarmed           |   124 |   171 |   122 ||   417
       Headbutt          |    12 |    22 |    13 ||    47
       Punch             |     1 |       |     4 ||     5
Throw: Dart              |       |     2 |       ||     2
 Cast: Beastly Appendage |    19 |    17 |    15 ||    51
       Sticks to Snakes  |       |     7 |     4 ||    11
       Spider Form       |       |     3 |     6 ||     9
  Use: Potion            |     4 |       |       ||     4
       Scroll            |     2 |     1 |     1 ||     4
 Stab: Sleeping          |     4 |       |     2 ||     6
  Eat: Chunk             |     4 |     7 |     3 ||    14
       Ration            |       |     1 |     1 ||     2
Armor: Robe              |    18 |    44 |    19 ||    81
       Skin              |       |       |     1 ||     1
Dodge: Dodged            |    91 |   123 |   137 ||   351
